 Dungeon Crawl Stone Soup version 0.19-a0-32-gbfd796a (webtiles) character file.

60 M4edhros the Grave Robber (level 4, -2/27 HPs)
             Began as an Octopode Necromancer on May 2, 2016.
             Killed by nerve-wracking pain
             ... invoked by an orc priest
              (9 damage)
             ... on level 3 of the Dungeon.
             The game lasted 00:06:29 (412 turns).

M4edhros the Grave Robber (Octopode Necromancer)     Turns: 412, Time: 00:06:30

Health: -2/27      AC:  1    Str:  7    XL:     4   Next: 6%
Magic:  2/7        EV: 12    Int: 17    God:
Gold:   57         SH:  0    Dex: 13    Spells: 3 memorised, 2 levels left

rFire  . . .     SeeInvis .       - Unarmed
rCold  . . .     Gourm    .     (no shield)
rNeg   . . .     Faith    .     (helmet restricted)
rPois  .         Spirit   .     (no amulet)
rElec  .         Dismiss  .     (no ring)
rCorr  .         Reflect  .     (no ring)
SustAt .         Harm     .     (no ring)
MR     .....                    (no ring)
Stlth  +++.......               (no ring)
                                (no ring)
                                (no ring)
                                (no ring)

@: very slightly contaminated, not resistant to hostile enchantments, fairly
stealthy
A: almost no armour, amphibious, 8 rings, constrict 8, camouflage 1, gelatinous
body 1
a: no special abilities


You were on level 3 of the Dungeon.
You were not hungry.

You visited 1 branch of the dungeon, and saw 3 of its levels.

You collected 57 gold pieces.

Inventory:

Wands
 f - a wand of enslavement (3/24)
Books
 a - a book of Necromancy

   Spells                             Type                      Level
   a - Pain                           Necromancy                   1
   b - Animate Skeleton               Necromancy                   1
   c - Vampiric Draining              Necromancy                   3
   d - Regeneration                   Charms/Necromancy            3
   e - Animate Dead                   Necromancy                   4
   f - Control Undead                 Necromancy                   4
Comestibles
 b - a bread ration
 c - a beef jerky


   Skills:
 - Level 2.0 Dodging
 - Level 2.6 Stealth
 + Level 3.5 Unarmed Combat
 - Level 2.0 Spellcasting
 - Level 4.0 Necromancy


You had 2 spell levels left.
You knew the following spells:

 Your Spells              Type           Power        Failure   Level  Hunger
a - Pain                  Necr           ###.         3%          1    #......
b - Animate Skeleton      Necr           N/A          3%          1    #......
r - Regeneration          Chrm/Necr      #.........   24%         3    ###....


Dungeon Overview and Level Annotations

Branches:
Dungeon (3/15)

Altars:
Ashenzari


Innate Abilities, Weirdness & Mutations

You cannot wear most types of armour.
You are amphibious.
You can wear up to eight rings at the same time.
You can use your tentacles to constrict eight enemies at once.
Your skin changes colour to match your surroundings (Stealth).
Your rubbery body absorbs attacks (AC +1).


Message History

The orc priest resists with some effort.
Evoking this partially-identified wand wasted a few charges.
You tentacle-slap the orc. Your grab misses the orc.
Your squeeze misses the orc.
The orc is moderately wounded.
The orc hits you.
You closely miss the orc. You grab the orc.
The orc is moderately wounded.
You constrict the orc. The orc hits you.
* * * LOW HITPOINT WARNING * * *
You tentacle-slap the orc.
You kill the orc!
You barely miss the orc priest. You grab the orc priest.
You constrict the orc priest. You tentacle-slap the orc priest.
The orc priest is lightly wounded.
You constrict the orc priest.
The orc priest calls down the wrath of Beogh upon you.
Pain shoots through your body!
You die...

,*,,,*,,*,#.#.o##.# ####.####.#
***_***,*,#.#.o##.# #.........#
,*,,,*,,*,#.*..##.# #.#.#.##.## *
,,***,,*#,#.*#.##.# #..###.#.# **
,,,,,,,*#.#.##o##.# #.#.#.##.#**,
,,,,,,.##..(......###........##,,
,,,,,,+.......................+,,
,,,,,,####...#(#######.....####,,
,,,,,** ##....o@.# #.#..## **,
,,,,** #.##.##.# #.#### ** ,,,**
#.*#.#*.# #.# * *+** *#.*#.#*.#
#.# *,* *..,..#*.# #.# *,*
*.,*###*.# #.# ****** ,,** *,,*
*.# *,* *,,,,, ,,,** *,,*****.#
*,*****,**** ,,,,* *,,,,,,,,*
*,,,,,,,,,,*


You could see an orc priest.

Vanquished Creatures
  An orc priest (D:3)
  An adder (D:3)
  3 orcs (D:3)
  3 giant cockroaches (D:1)
  2 hobgoblins
  A quokka (D:2)
  4 bats
  2 goblins (D:2)
  A rat (D:2)
18 creatures vanquished.

Notes
Turn   | Place    | Note
--------------------------------------------------------------
     0 | D:1      | M4edhros the Octopode Necromancer began the quest for the Orb.
     0 | D:1      | Reached XP level 1. HP: 11/11 MP: 3/3
    59 | D:1      | Reached skill level 1 in Unarmed Combat
   125 | D:1      | Reached XP level 2. HP: 10/17 MP: 1/5
   214 | D:3      | Found a shattered altar of Ashenzari.
   311 | D:3      | Reached XP level 3. HP: 9/21 MP: 3/6
   314 | D:3      | Learned a level 1 spell: Animate Skeleton
   318 | D:3      | Learned a level 3 spell: Regeneration
   406 | D:3      | Reached XP level 4. HP: 14/27 MP: 2/7
   412 | D:3      | Killed from afar by an orc priest

Vault maps used:
D:1:      co_arrival_hexagon_in_a_hexagon
D:2:      elyvilon_altar_5, lemuel_blue_sif_altar
D:3:      lemuel_crystal_altar, dk_noncrumbling_4, grunt_pakellas_salt,
          uniq_sigmund, uniq_jessica

Skill      XL: |  1  2  3 |
---------------+----------+-----
Unarmed Combat | 1 2 3 |  3.5
Dodging        | |  2.0
Stealth        | |  2.6
Spellcasting   | |  2.0
Necromancy     | |  4.0

Action                   |  1- 3 |  4- 6 || total
-------------------------+-------+-------++-------
Melee: Unarmed           |    23 |     5 ||    28
       Constrict         |     6 |     2 ||     8
       Tentacles         |     4 |       ||     4
Throw: Tomahawk          |     9 |       ||     9
 Cast: Pain              |    17 |       ||    17
       Regeneration      |     2 |       ||     2
Evoke: Wand              |       |     1 ||     1
  Use: Scroll            |     1 |       ||     1
Armor: Skin              |     3 |       ||     3
Dodge: Dodged            |    11 |       ||    11
